 Dungeon Sprint DCSS version 0.30-a0-4-ga7cffc901d (webtiles) character file.

Game seed: 12046517921267107089

14868 Zeldest the Brawler (level 11, -3/127 HPs)
             Began as a Troll Transmuter on Aug 20, 2022.
             Was a High Priest of Cheibriados.
             Slain by an orc knight
             ... wielding a +0 war axe
              (24 damage)
             ... in the Dungeon (Sprint IX: "|||||||||||||||||||||||||||||").
             The game lasted 00:05:48 (701 turns).

Zeldest the Brawler (Troll Transmuter)               Turns: 701, Time: 00:05:48

Health: -3/127     AC: 12    Str: 34    XL:     11   Next: 94%
Magic:  10/20      EV: 10    Int: 27    God:    Cheibriados [*****.]
Gold:   1907       SH:  0    Dex: 24    Spells: 9/12 levels left

rFire   . . .      SeeInvis .      - Unarmed
rCold   + . .      Faith    .    (no shield)
rNeg    . . .      Spirit   .    r - +2 robe {rC+}
rPois   .          Reflect  .    (helmet currently unavailable)
rElec   .          Harm     .    (no cloak)
rCorr   .          Rampage  .    (gloves unavailable)
Will    .....      NoTele   +    (boots unavailable)
Stlth   ++........               (no amulet)
HPRegen 1.11/turn                n - +4 ring of protection
MPRegen 0.17/turn                l - +2 ring of protection

@: appendages, very slow
A: horns 2, talons 2, large, unfitting armour, claws 3, regeneration 1, shaggy
fur 1, tough skin 1
a: End Transformation, Renounce Religion, Bend Time, Temporal Distortion,
Slouch, Step From Time


You were in the Dungeon.
You worshipped Cheibriados.
Cheibriados was extremely pleased with you.
You had temporarily grown beastly horns and talons.
You visited 1 branch You collected 1907 gold pieces.

Inventory:

Hand Weapons
 j - a +2 scimitar of flaming
Missiles
 e - 3 throwing nets
Armour
 a - a +0 robe
 r - a +2 robe of cold resistance (worn)
Jewellery
 k - a +2 ring of evasion
 l - a +2 ring of protection (right claw)
 n - a +4 ring of protection (left claw)
Wands
 i - a wand of roots (9)
Scrolls
 g - 2 scrolls of amnesia
 h - 2 scrolls of blinking
 o - 3 scrolls of fog
 p - 2 scrolls of enchant armour
 q - a scroll of fear
Potions
 b - 2 potions of berserk rage
 c - 5 potions of curing
 d - 4 potions of heal wounds
 f - 2 potions of magic
 m - a potion of might


   Skills:
 + Level 13.3 Fighting
 - Level 1.5 Dodging
 + Level 15.9 Unarmed Combat
 - Level 1.2 Spellcasting
 + Level 12.4 Transmutations
 + Level 13.4 Invocations


You had 9 spell levels left.
You knew the following spells:

 Your Spells              Type           Power      Damage    Failure   Level
a - Beastly Appendage     Tmut           100%       N/A       1%          1
b - Wereblood             Tmut           62%        N/A       1%          2

Your spell library contained the following spells:

 Spells                   Type           Power      Damage    Failure   Level
 Spider Form              Tmut/Pois      35%        N/A       2%          3
 Ice Form                 Ice/Tmut       35%        N/A       9%          4
 Corpse Rot               Necr/Pois/Air  1%         N/A       71%         4
 Dispel Undead            Necr           1%         3d6       71%         4
 Death Channel            Necr           0%         N/A       100%        6


Dungeon Overview and Level Annotations

Branches:
Dungeon (1/1)

Altars:
Cheibriados
Dithmenos
Elyvilon
Fedhas
Gozag
Hepliaklqana
Kikubaaqudgha
Makhleb
Nemelex Xobeh
Okawaru
Qazlal
Ru
Sif Muna
Trog
Uskayaw
Vehumet
Wu Jian
Xom
Yredelemnul
Zin
The Shining One
Jiyva
Lugonu

Shops:
D :*[(


Innate Abilities, Weirdness & Mutations

You have temporarily grown beastly horns and talons.
You are too large for most types of armour.
You have claws for hands.
Your natural rate of healing is unusually fast.
You are covered in fur. (AC +1)
You have tough skin. (AC +1)


Message History

You claw the orc knight, but do no damage.
The orc knight is heavily wounded.
You mangle the orc knight!! You claw the orc knight.
You headbutt the orc knight!
You kill the orc knight!
Cheibriados thoroughly appreciates the change of pace.
Cheibriados raises the support of your attributes as your movement slows.
You now have 1807 gold pieces (gained 50).
Items here: )) [[ †.
Things that are here:
a +0 battleaxe; an orc corpse
Things that are here:
a +1 halberd of protection; a +0 plate armour; an orc corpse
There is an entrance to Xoaf's Antique Weapon Boutique here.
Things that are here:
a +0 battleaxe; a +0 plate armour You now have 1857 gold pieces (gained 50).
There is an entrance to Hakyutyocw's Armour Shop here.
Things that are here:
a +0 halberd; a +0 plate armour You now have 1907 gold pieces (gained 50).
You see here a +0 dire flail.
An orc knight comes into view. It is wielding a +0 war axe.
Found 50 gold pieces.
There is an entrance to Izxyal's Assorted Antiques here.
There is an entrance to Abol Yff's Book Shop here.
Unknown command.
The orc knight unwields a +0 war axe.
The orc knight wields a +0 arbalest.
The orc knight shoots a bolt.
The bolt hits you!!
* * * LOW HITPOINT WARNING * * *
The orc knight shoots a bolt.
The bolt hits you.
* * * LOW HITPOINT WARNING * * *
The orc knight unwields a +0 arbalest.
The orc knight wields a +0 war axe.
The orc knight hits you with a +0 war axe!
* * * LOW HITPOINT WARNING * * *
The orc knight hits you with a +0 war axe!
* * * LOW HITPOINT WARNING * * *
You feel much better.
The orc knight hits you with a +0 war axe!!
You die...

▓▓▓▓▓▓▓▓▓▓▓▓▓▓▓▓▓▓▓
+o@...∩.∩)∩.∩))))))
▓▓▓▓▓▓▓▓▓▓▓▓▓▓▓▓▓▓▓▓▓▓▓▓▓▓▓▓▓
▓..).........................
▓.▓▓▓▓▓▓▓▓▓▓▓▓▓▓▓▓▓▓▓▓▓▓▓▓▓▓▓
▓....'..[[[[..'?..(....††..†.
▓▓▓▓▓▓▓▓▓▓▓▓▓▓▓▓▓▓▓▓▓▓▓▓▓▓▓▓▓
▓............................
▓.▓▓▓▓▓▓▓▓▓▓▓▓▓▓▓▓▓▓▓▓▓▓▓▓▓▓▓
▓..'......)....))'..[[[.)..'_


You could see an orc knight.

Vanquished Creatures
  Harold (D)
  5 orc high priests (D)
  10 orc knights (D)
  An ugly thing (D)
  An orc sorcerer (D)
  An elephant (D)
  A black mamba (D)
  3 cane toads (D)
  A kobold demonologist (D)
  2 rime drakes (D)
  A komodo dragon (D)
  An efreet (D)
  A wyvern (D)
  A wraith (D)
  2 yaks (D)
  2 basilisks (D)
  An acid dragon (D)
  A warg (D)
  4 hell hounds (D)
  4 water moccasins (D)
  10 orc warriors (D)
  An ogre (D)
  4 wolves (D)
  A bullfrog (D)
  2 gnoll sergeants (D)
  A killer bee (D)
  A howler monkey (D)
  5 orc priests (D)
  4 orc wizards (D)
  An adder (D)
  4 orcs (D)
  3 hobgoblins (D)
  A jackal (D)
  A quokka (D)
  A frilled lizard (D)
  A rat (D)
85 creatures vanquished.

Vanquished Creatures (others)
  An orc (D)
1 creature vanquished.

Grand Total: 86 creatures vanquished

Notes
Turn   | Place    | Note
-------+----------+-------------------------------------------
     0 | D        | Zeldest the Troll Transmuter began the quest for the Orb.
     0 | D        | Reached XP level 1. HP: 18/18 MP: 1/1
     6 | D        | Reached skill level 1 in Fighting
    26 | D        | Noticed an ogre
    26 | D        | Noticed a gnoll sergeant
    34 | D        | Killed a gnoll sergeant
    35 | D        | Reached skill level 5 in Unarmed Combat
    35 | D        | Reached XP level 2. HP: 21/31 MP: 0/2
    35 | D        | Reached XP level 3. HP: 25/37 MP: 0/3
    37 | D        | Reached XP level 4. HP: 35/48 MP: 0/4
    39 | D        | Killed an ogre
    40 | D        | Reached skill level 5 in Fighting
    40 | D        | Reached skill level 6 in Unarmed Combat
    40 | D        | Reached XP level 5. HP: 44/57 MP: 0/5
    44 | D        | Found a snail-covered altar of Cheibriados.
    44 | D        | Found a shadowy altar of Dithmenos.
    44 | D        | Found a white marble altar of Elyvilon.
    44 | D        | Found a blossoming altar of Fedhas.
    44 | D        | Found an opulent altar of Gozag.
    45 | D        | Found a hazy altar of Hepliaklqana.
    46 | D        | Found a viscous altar of Jiyva.
    47 | D        | Found an ancient bone altar of Kikubaaqudgha.
    48 | D        | Became a worshipper of Cheibriados the Contemplative
    49 | D        | Found a corrupted altar of Lugonu.
    50 | D        | Found a burning altar of Makhleb.
    51 | D        | Found a sparkling altar of Nemelex Xobeh.
    52 | D        | Found an iron altar of Okawaru.
    53 | D        | Found a stormy altar of Qazlal.
    54 | D        | Found a sacrificial altar of Ru.
    55 | D        | Found a shimmering blue altar of Sif Muna.
    56 | D        | Found a bloodstained altar of Trog.
    57 | D        | Found a hide-covered altar of Uskayaw.
    58 | D        | Found a radiant altar of Vehumet.
    59 | D        | Found an ornate altar of the Wu Jian Council.
    60 | D        | Found a shimmering altar of Xom.
    61 | D        | Found a basalt altar of Yredelemnul.
    62 | D        | Found a glowing silver altar of Zin.
    63 | D        | Found a glowing golden altar of the Shining One.
    91 | D        | Learned a level 2 spell: Wereblood
    93 | D        | Noticed an orc warrior
    93 | D        | Noticed a wraith
    97 | D        | Reached skill level 7 in Unarmed Combat
    97 | D        | Reached skill level 5 in Transmutations
    97 | D        | Reached * piety under Cheibriados
   105 | D        | Killed a wraith
   106 | D        | Reached skill level 8 in Unarmed Combat
   106 | D        | Reached XP level 6. HP: 22/68 MP: 3/8
   109 | D        | Reached ** piety under Cheibriados
   110 | D        | HP: 3/68 [orc warrior/+0 short sword (10)]
   125 | D        | Killed an orc warrior
   126 | D        | Reached XP level 7. HP: 31/76 MP: 6/9
   135 | D        | Noticed a white ugly thing
   135 | D        | Noticed an efreet
   135 | D        | Noticed a basilisk
   135 | D        | Noticed a kobold demonologist
   138 | D        | Noticed a chaos spawn
   142 | D        | Killed a kobold demonologist
   142 | D        | Reached *** piety under Cheibriados
   143 | D        | Reached skill level 9 in Unarmed Combat
   143 | D        | Reached skill level 5 in Invocations
   152 | D        | Killed a basilisk
   157 | D        | Killed an efreet
   158 | D        | Reached skill level 10 in Unarmed Combat
   158 | D        | Reached XP level 8. HP: 87/88 MP: 2/12
   162 | D        | Killed a white ugly thing
   162 | D        | Reached **** piety under Cheibriados
   280 | D        | Noticed a komodo dragon
   280 | D        | Noticed a cane toad
   280 | D        | Noticed a cane toad
   280 | D        | Noticed a rime drake
   287 | D        | Noticed a rime drake
   292 | D        | Killed a rime drake
   292 | D        | Reached ***** piety under Cheibriados
   293 | D        | Reached skill level 11 in Unarmed Combat
   294 | D        | Killed a cane toad
   295 | D        | Reached XP level 9. HP: 62/98 MP: 10/14
   296 | D        | Killed a cane toad
   301 | D        | Killed a komodo dragon
   307 | D        | Killed a rime drake
   307 | D        | Reached ****** piety under Cheibriados
   308 | D        | Reached skill level 12 in Unarmed Combat
   313 | D        | Reached skill level 10 in Fighting
   333 | D        | Noticed a black mamba
   333 | D        | Noticed an elephant
   336 | D        | Noticed a cane toad
   343 | D        | Killed an elephant
   344 | D        | Reached XP level 10. HP: 54/111 MP: 12/16
   344 | D        | Killed a black mamba
   345 | D        | Reached skill level 10 in Invocations
   347 | D        | Killed a cane toad
   348 | D        | Reached skill level 13 in Unarmed Combat
   348 | D        | Reached skill level 10 in Transmutations
   397 | D        | Noticed Harold
   407 | D        | Killed Harold
   487 | D        | Noticed an orc sorcerer
   495 | D        | Noticed an orc high priest
   497 | D        | Killed an orc sorcerer
   504 | D        | Noticed a soul eater
   505 | D        | Killed an orc high priest
   506 | D        | Reached skill level 14 in Unarmed Combat
   553 | D        | Noticed an orc high priest
   553 | D        | Noticed an orc knight
   562 | D        | Killed an orc knight
   563 | D        | Reached XP level 11. HP: 77/123 MP: 15/18
   571 | D        | Killed an orc high priest
   634 | D        | Found Xoaf's Antique Weapon Boutique.
   634 | D        | Noticed an orc high priest
   634 | D        | Noticed an orc knight
   634 | D        | Noticed an orc knight
   634 | D        | Noticed an orc knight
   634 | D        | Noticed an orc knight
   637 | D        | Killed an orc knight
   639 | D        | Killed an orc knight
   640 | D        | Killed an orc knight
   642 | D        | Killed an orc knight
   642 | D        | Killed an orc high priest
   643 | D        | Reached skill level 15 in Unarmed Combat
   643 | D        | Noticed an orc knight
   644 | D        | Found Hakyutyocw's Armour Shop.
   646 | D        | Noticed an orc high priest
   648 | D        | Noticed an orc knight
   650 | D        | Killed an orc knight
   650 | D        | Noticed an orc knight
   651 | D        | Found Izxyal's Assorted Antiques.
   651 | D        | Noticed an orc knight
   655 | D        | Noticed an orc high priest
   657 | D        | Killed an orc high priest
   658 | D        | Killed an orc knight
   659 | D        | Killed an orc knight
   659 | D        | Killed an orc knight
   659 | D        | Killed an orc high priest
   662 | D        | Found Abol Yff's Book Shop.
   675 | D        | Noticed an orc knight
   683 | D        | Killed an orc knight
   694 | D        | Noticed an orc knight
   700 | D        | HP: 1/127 [orc knight/+0 war axe (10)]
   701 | D        | Slain by an orc knight

Illustrated notes

Levels and vault maps discovered:
D:        linesprint [early_d, line_temple, items_1, d_10, items_2, lair_1,
          lair_end, items_3, orc_1, orc_end, items_4, d_15, swamp_1, shoals_1,
          snake_1, spider_1, d_20, vaults_1, items_5, swamp_end, shoals_end,
          snake_end, spider_end, vaults_end, d_27, items_6, zot_1, zot_end,
          crypt_end, forest_end, elf_end, slime_end, tomb_end, abyss_end,
          pan_hell_end]

Skill      XL: |  1  2  3  4  5  6  7  8  9 10 11 |
---------------+----------------------------------+-----
Fighting       | 3 5 6 8 9 10 11 13 | 13.3
Transmutations | 3 4 6 7 8 9 11 12 | 12.4
Unarmed Combat | 5 6 8 10 11 12 14 15 | 15.9
Invocations    | 4 6 8 9 11 13 | 13.4
Dodging        | |  1.5
Spellcasting   | |  1.2

Action                   |  1- 3 |  4- 6 |  7- 9 | 10-12 || total
-------------------------+-------+-------+-------+-------++-------
Melee: Unarmed           |    21 |    30 |    57 |    54 ||   162
       Kick              |     2 |     8 |     9 |    18 ||    37
       Headbutt          |     2 |     4 |     3 |     8 ||    17
       Punch             |       |       |     1 |     2 ||     3
 Cast: Beastly Appendage |     2 |     1 |     3 |     5 ||    11
       Wereblood         |       |     1 |     3 |     4 ||     8
Invok: Slouch            |       |       |       |    16 ||    16
Evoke: Wand              |       |       |       |     1 ||     1
  Use: Potion            |     2 |     2 |     2 |     3 ||     9
 Stab: Invisible         |       |       |     5 |       ||     5
Armor: Robe              |     4 |     7 |    13 |    13 ||    37
       Skin              |       |       |     7 |       ||     7
Dodge: Dodged            |     6 |    19 |    21 |    15 ||    61

Table legend: (Time is in decaauts)
 A = Elapsed time spent in this place.
 B = Non-inter-level travel time spent in this place.
 C = Inter-level travel time spent in this place.
 D = Time resting spent in this place.
 E = Time spent auto-exploring this place.
 F = Levels seen in this place.
 G = Mean time per level.
                   A        B        C        D        E       F      G
               +--------+--------+--------+--------+--------+-----+--------+
         Total |   1006 |   1006 |      0 |      0 |      0 |   1 | 1006.0 |
       Dungeon |   1006 |   1006 |      0 |      0 |      0 |   1 | 1006.0 |
               +--------+--------+--------+--------+--------+-----+--------+

Top non-repeatable levels by time:
       D: 1006 daAuts
